 Dungeon Crawl Stone Soup version 0.20-a0-853-gabbfcfc (webtiles) character file.

661192 Deemzul the Impregnable (level 27, -12/229 HPs)
             Began as a Barachi Fighter on Mar 11, 2017.
             Was a High Priest of Cheibriados.
             Mangled by Antaeus
             ... wielding a +3 lajatang of protection
              (38 damage)
             ... on level 7 of Cocytus.
             The game lasted 02:42:10 (68407 turns).

Deemzul the Impregnable (Barachi Fighter)          Turns: 68407, Time: 02:42:12

Health: -12/229    AC: 22    Str: 37    XL:     27
Magic:  46/46      EV: 43    Int: 26    God:    Cheibriados [*****.]
Gold:   5555       SH:  0    Dex: 50    Spells: 31/33 levels left

rFire    + . .     SeeInvis +   t - +9 demon blade (drain)
rCold    + + +     Gourm    .   S - +0 troll leather armour
rNeg     + + .     Faith    .   m - +0 large shield of Proximity {MR+} (curse)
rPois    +         Spirit   .   b - +3 hat of Pondering {ponderous, MR+ MP+10 Int+5}
rElec    .         Reflect  +   F - +0 cloak
rCorr    .         Harm     .   C - +1 pair of gloves of the Merchant {rC++ rN++ Dex-4}
MR       ++++.     Clarity  +   V - +2 pair of boots {Stlth+}
Stlth    +++++.....             U - amulet "Huheampu" {Reflect +Inv Str-4 Dex+7 SH+3}
Regen    0.9/turn               l - ring of Jextuet {Str+3 Int-2 Dex+5}
MPRegen  0.3/turn               n - ring of Igus Seb {rPois rC+ Str+4 Slay+4 SInv}

@: confused, mighty, agile, frozen, can't hop, very slow
A: +LOS, swims, antennae 1, beak, yellow scales 1, agile 1, blurry vision 1,
clarity, cold resistance 1, fire resistance 1, slowness 1, strong legs 2
}: 3/15 runes: barnacled, silver, gossamer
a: Hop, Bend Time, Temporal Distortion, Slouch, Step From Time, Renounce
Religion, Evoke Invisibility


You were on level 7 of Cocytus.
You worshipped Cheibriados.
Cheibriados was extremely pleased with you.
You were not hungry.

You visited 10 branches of the dungeon, and saw 52 of its levels.
You visited the Abyss 4 times.
You also visited: Ossuary, Bailey and Wizlab.

You collected 6991 gold pieces.
You spent 1436 gold pieces at shops.

Inventory:

Hand Weapons
 t - a +9 demon blade of draining (weapon)
 G - the +6 long sword of Dominance {flame, rElec}
   (You found it on level 4 of the Dungeon)

   It has been specially enchanted to burn those struck by it, causing extra
   injury to most foes and up to half again as much damage against particularly
   susceptible opponents.
   Big, fiery blades are also staple armaments of hydra-hunters.
   It insulates you from electricity.
Armour
 b - the +3 hat of Pondering (worn) {ponderous, MR+ MP+10 Int+5}
   (You found it on level 5 of the Vaults)

   It affects your intelligence (+5).
   It affects your resistance to hostile enchantments.
   It affects your magic capacity (+10).
 c - +7 gold dragon scales
 m - the cursed +0 large shield of Proximity (worn) {MR+}
   (You found it in a bailey)

   It affects your resistance to hostile enchantments.
   It has a curse placed upon it.
 C - the +1 pair of gloves of the Merchant (worn) {rC++ rN++ Dex-4}
   (You bought it in a shop on level 1 of the Elven Halls)

   It affects your dexterity (-4).
   It greatly protects you from cold.
   It greatly protects you from negative energy.
 F - a +0 cloak (worn)
 S - a +0 troll leather armour (worn)
 V - a +2 pair of boots of stealth (worn)
Jewellery
 k - the ring of Descent {+Fly rPois rF+ rC+ Str-3 SInv, unknown}
   (You took it off a skeletal warrior on level 7 of Cocytus)

   [ring of flight]

   It affects your strength (-3).
   It protects you from fire.
   It protects you from cold.
   It protects you from poison.
   It lets you see invisible.
   It lets you fly.
 l - the ring of Jextuet (right hand) {Str+3 Int-2 Dex+5}
   (You found it on level 5 of the Vaults)

   [ring of strength]

   It affects your strength (+3).
   It affects your intelligence (-2).
   It affects your dexterity (+5).
 n - the ring of Igus Seb (left hand) {rPois rC+ Str+4 Slay+4 SInv}
   (You took it off a deep elf sorcerer on level 3 of the Elven Halls)

   [ring of protection from cold]

   It affects your strength (+4).
   It affects your accuracy and damage with ranged weapons and melee attacks
   (+4).
   It protects you from cold.
   It protects you from poison.
   It lets you see invisible.
 v - an uncursed ring of resist corrosion
 w - the cursed ring "Tise Lue" {rPois AC-3, unknown}
   (You took it off a skeletal warrior on level 7 of Cocytus)

   [ring of protection]

   It affects your AC (-3).
   It protects you from poison.
   It has a curse placed upon it.
 U - the amulet "Huheampu" (around neck) {Reflect +Inv Str-4 Dex+7 SH+3}
   (You acquired it on level 4 of the Spider Nest)

   [amulet of reflection]

   It shields you and reflects attacks.
   It affects your strength (-4).
   It affects your dexterity (+7).
   It lets you turn invisible.
   It affects your SH (+3).
Wands
 g - a wand of polymorph (10/24)
 j - a wand of enslavement (8/24)
 u - a wand of paralysis (14/24)
 H - a wand of confusion (10/48)
 O - a wand of iceblast (15/15)
 T - a wand of lightning (10/15)
Scrolls
 i - 35 scrolls of identify
 x - 24 scrolls of remove curse
 y - 4 scrolls of blinking
 z - 6 scrolls of magic mapping
 A - 4 scrolls of silence
 E - 6 scrolls of summoning
 I - 12 scrolls of fog
 J - a scroll of recharging
 K - 4 scrolls of fear
 L - 18 scrolls of teleportation
Potions
 d - 3 potions of magic
 e - 15 potions of curing
 r - a potion of resistance
 s - 7 potions of cancellation
 D - 3 potions of invisibility
 Z - 8 potions of flight
Miscellaneous
 a - 3 boxes of beasts
 h - a lamp of fire (inert)
 o - the horn of Geryon (inert)
 p - 3 phantom mirrors
 P - a phial of floods (inert)
 Y - a fan of gales
Comestibles
 f - 26 bread rations
 q - 25 meat rations
 B - 5 royal jellies


   Skills:
 + Level 21.5 Fighting
 + Level 20.5 Long Blades
   Level 5.2 Axes
 * Level 23.4 Armour
 + Level 18.6 Dodging
 + Level 16.1 Stealth
 + Level 19.9 Shields
 - Level 3.5 Spellcasting
 - Level 4.0 Transmutations
 - Level 3.7 Earth Magic
 + Level 16.8 Invocations
 + Level 18.3 Evocations


You had 31 spell levels left.
You knew the following spells:

 Your Spells              Type           Power        Failure   Level  Hunger
a - Passwall              Tmut/Erth      ###.......   8%          2    #......


Dungeon Overview and Level Annotations

Branches:
Dungeon (15/15)            Temple (0/1) D:6            Lair (6/6) D:8
 Shoals (4/4) Lair:2       Spider (4/4) Lair:3        Slime (0/5) Lair:6
    Orc (2/2) D:9             Elf (3/3) Orc:2        Vaults (5/5) D:13
  Crypt (0/3) Vaults:3     Depths (5/5) D:15           Hell (1/1)
    Coc (7/7) Hell            Zot (0/5) Depths:5
    Dis: Hell:1         Geh: Hell:1         Tar: Hell:1

Altars:
Ashenzari
Cheibriados
Dithmenos
Fedhas
Kikubaaqudgha
Nemelex Xobeh
Ru
Sif Muna
Trog
Uskayaw
Vehumet
Yredelemnul
Jiyva

Shops:
D:4 :   D:11 :   Orc:2 [(%!   Elf:1 [?**[   Shoals:1 (   Shoals:3 =
Vaults:1 !   Vaults:4 (

Portals:
Hell: Depths:1 Depths:2 Depths:3 Depths:4 Depths:5
Abyss: Depths:4
Pandemonium: Depths:1 Depths:2 Depths:3 Depths:4
Ziggurat: Depths:2

Annotations:
Lair:4 exclusion: 2 oklob plants
Lair:6 1 runed door
Coc:7 Antaeus


Innate Abilities, Weirdness & Mutations

Shadows flee at your approach. (+LOS)
You can swim through water.
You cover ground slowly.
You can hop longer distances.
You have a pair of small antennae on your head.
You have a beak for a mouth.
You are partially covered in yellow scales. (AC +2)
You are agile. (Dex +2)
Scrolls take you a little longer to read.
You possess an exceptional clarity of mind.
Your flesh is cold resistant. (rC+)
Your flesh is heat resistant. (rF+)


Message History

Unknown command.
You hit Antaeus but do no damage.
Antaeus is moderately wounded.
Your tarantella bites Antaeus but does no damage.
Your redback bites Antaeus but does no damage.
Antaeus gestures at you. The flash freeze hits you! You partially resist.
* * * LOW HITPOINT WARNING * * *
You are encased in ice.
Unknown command.
Unknown command.
Unknown command.
You are confused.
You feel invigorated.
Your tarantella barely misses Antaeus.
Your mature oxfire beast hits Antaeus but does no damage.
Your mature oxfire beast tramples Antaeus but does no damage.
Your redback bites Antaeus but does no damage.
Your tarantella bites Antaeus but does no damage.
Antaeus hits you with a lajatang of protection!!!
You die...

*******####≈≈....#####)...≈≈##≈≈.
*******####≈≈...##$φ)##....≈##≈≈.
*******####≈....#$..|.#....≈##≈≈≈
*******####≈....#.$..}#....≈##≈≈≈
*******####≈....#,$..}#,...≈##≈≈.
*******####≈....##$..#*....≈##≈≈.
*******####≈.....##'##.....≈###≈.
*******####≈≈.............≈≈# #≈≈
*******####≈§§.s@........≈≈≈* #≈≈
*******####≈§§§CHH......≈≈≈≈* #≈≈
*******####≈≈§§≈s.....≈≈≈≈≈≈* #≈≈
*******####≈≈≈≈≈≈≈...≈≈≈≈≈≈≈* #≈≈
*******####≈≈≈≈≈≈≈≈≈≈≈≈≈≈≈≈≈* ##≈
*******####≈≈≈≈≈≈≈≈≈≈≈≈≈≈≈≈#* #≈
********###≈≈≈≈≈≈≈≈≈≈≈≈≈≈≈## ##
********################### #


You could see Antaeus, 2 friendly mutant beasts, a friendly tarantella and a
friendly redback.

Vanquished Creatures
  A juggernaut (Depths:4)
  An ancient lich (Vaults:5)
  11 shard shrikes
  Saint Roka (Vaults:3)
  A caustic shrike (Depths:4)
  Geryon (Hell)
  5 golden dragons
  Nikola (Depths:1)
  Arachne (Spider:3)
  4 bone dragons
  The ghost of Zaque the Eclecticist, an adept DrCj of Vehumet (Vaults:2)
  4 liches
  5 tentacled monstrosities
  Jorgrun (Depths:2)
  9 Ice Fiends
  7 titans
  A kraken (Shoals:4)
  A deep elf blademaster (Elf:3)
  5 tentacled starspawn
  3 sphinxes
  5 storm dragons
  6 tengu reavers
  Donald (Vaults:2)
  4 shadow dragons
  Ilsuiw (Shoals:4)
  Roxanne (Shoals:4)
  16 deep elf sorcerers
  17 fire giants
  6 ghost moths
  A draconian scorcher (Depths:5)
  An iron dragon (Vaults:4)
  An orc warlord (Orc:1)
  12 frost giants
  2 balrugs
  6 deep elf elementalists
  2 emperor scorpions (Spider:4)
  19 vault wardens
  6 spriggan defenders
  12 reapers
  A draconian annihilator (Depths:5)
  31 stone giants
  2 elemental wellsprings
  A ghoul (Vaults:2)
  2 caustic shrike skeletons
  18 ironheart preservers
  18 very ugly things
  5 deep elf demonologists
  A vampire knight (Depths:3)
  A green draconian (Depths:5)
  5 entropy weavers
  4 yellow draconians (Depths:5)
  4 deep elf annihilators
  8 spark wasps
  A purple draconian (Depths:5)
  A dire elephant (shapeshifter) (D:15)
  A white draconian (Depths:5)
  20 ettins
  5 blizzard demons
  5 deep elf death magi
  A quicksilver dragon zombie (Abyss:2)
  A green death (Coc:5)
  A merfolk javelineer (Shoals:4)
  6 deep elf high priests
  15 yaktaur captains
  11 merfolk impalers
  Josephine (Lair:5)
  24 ogre magi
  12 fire dragons
  8 great orbs of eyes
  3 kraken zombies
  11 rakshasas
  A quicksilver dragon skeleton (Coc:6)
  30 vault guards
  An ice dragon (shapeshifter) (D:15)
  18 ice dragons
  2 merfolk avatars
  3 death yaks (Lair:6)
  6 spriggan air magi
  4 death knights
  A catoblepas (Lair:6)
  9 centaur warriors
  10 hydras
  2 alligator snapping turtles
  7 merfolk aquamancers
  64 two-headed ogres
  A queen ant (Spider:4)
  3 satyrs
  9 deep troll shamans
  A vampire mage (Depths:3)
  7 tengu warriors
  A shock serpent (shapeshifter) (Depths:3)
  Urug (Lair:2)
  30 dancing weapons
  9 deep troll earth magi
  An iron golem (WizLab)
  A titan zombie (Coc:1)
  8 orc high priests
  5 soul eaters
  4 spriggan berserkers
  2 thrashing horrors (Abyss:2)
  A storm dragon zombie (Coc:3)
  22 deep elf knights
  The ghost of Toogi the Cleaver, a novice HOFi of Uskayaw (Bailey)
  3 sun demons
  6 iron trolls
  4 shadow wraiths
  Nergalle (Lair:2)
  21 hell knights
  2 titan skeletons
  5 fire crabs (shapeshifter)
  7 anaconda zombies
  22 skeletal warriors
  39 deep trolls
  A spark wasp zombie (Depths:2)
  A glowing orange brain (shapeshifter) (Vaults:1)
  7 spriggan druids
  3 unseen horrors
  2 shadow demons (Depths:2)
  6 glowing orange brains
  A spatial maelstrom (Abyss:2)
  13 sea snakes
  2 flayed ghosts
  A golden dragon zombie (Coc:1)
  Pikel (D:5)
  An obsidian statue (Vaults:2)
  6 phantasmal warriors
  18 deep elf archers
  2 tengu zombies
  A sphinx zombie (Depths:2)
  5 wizards
  10 necromancers
  2 frost giant zombies
  11 harpies
  2 human zombies
  21 ironbrand convokers
  30 ugly things
  An iron dragon zombie (Coc:1)
  3 anaconda skeletons
  A tengu skeleton (Vaults:4)
  23 orc knights
  8 orc sorcerers
  A salamander (shapeshifter) (WizLab)
  6 cyclopes
  3 shadow dragon skeletons
  19 manticores
  61 deep elf magi
  54 wolf spiders
  A stone giant zombie (Coc:6)
  25 orb spiders
  9 fauns
  A faun (shapeshifter) (Depths:5)
  A moth of wrath (shapeshifter) (Depths:5)
  8 elephants (Lair:6)
  A fire giant skeleton (Depths:2)
  An elf zombie (Vaults:5)
  A worldbinder (Abyss:2)
  3 moths of wrath
  A salamander (Depths:1)
  15 vault sentinels
  6 merfolk sirens
  5 rust devils
  3 black mambas (shapeshifter)
  7 water nymphs
  4 orange demons
  A smoke demon (Abyss:4)
  Psyche (D:9)
  A water nymph (shapeshifter) (WizLab)
  A stone giant skeleton (Depths:2)
  3 ice statues
  2 apocalypse crabs
  7 black mambas
  23 spiny frogs
  A dire elephant zombie (Coc:1)
  5 frost giant skeletons
  A spiny frog (shapeshifter) (WizLab)
  5 spectral swamp worms (Depths:3)
  24 freezing wraiths
  A spriggan zombie (Depths:2)
  2 torpor snails
  An emperor scorpion zombie (Coc:1)
  2 hellions (Abyss:2)
  39 yaktaurs
  18 demonic crawlers
  2 rime drakes (shapeshifter)
  A yaktaur zombie (Vaults:4)
  7 komodo dragons
  4 kobold demonologists
  10 tormentors
  An anaconda simulacrum (Coc:6)
  A yaktaur skeleton (Vaults:5)
  A yaktaur (shapeshifter) (WizLab)
  9 rime drakes
  A komodo dragon (shapeshifter) (D:15)
  4 ancient zymes
  3 starcursed masses (Abyss:2)
  20 ice devils
  2 queen bees (shapeshifter)
  2 tengu conjurers (Depths:4)
  4 red devils
  A troll (shapeshifter) (WizLab)
  A polar bear (shapeshifter) (Depths:2)
  A hornet (shapeshifter) (Vaults:1)
  4 meliai (shapeshifter)
  43 jumping spiders
  33 merfolk
  4 polar bears (Lair:6)
  4 wind drakes
  A harpy zombie (Coc:2)
  12 trolls
  27 hornets
  11 hydra zombies
  A blink frog (shapeshifter) (Depths:2)
  A slime creature (shapeshifter) (Depths:1)
  Prince Ribbit (D:7)
  5 raiju
  18 blink frogs
  4 hydra skeletons
  2 harpy skeletons
  5 bog bodies (Coc:7)
  42 slime creatures
  12 dream sheep
  2 ettin zombies
  8 snapping turtles
  A dream sheep (shapeshifter) (Vaults:4)
  16 hippogriffs
  A raiju (shapeshifter) (WizLab)
  3 alligator zombies
  An ice dragon zombie (Coc:7)
  A fire dragon zombie (Coc:2)
  2 fire giant simulacra
  A hippogriff (shapeshifter) (WizLab)
  2 stone giant simulacra
  A centaur simulacrum (D:13)
  16 large abominations
  46 flying skulls
  A black mamba zombie (Coc:6)
  49 redbacks
  A fire dragon skeleton (Coc:1)
  31 spriggans
  12 shadows
  12 air elementals
  2 ettin skeletons
  A tarantella (shapeshifter) (WizLab)
  13 wraiths
  4 wyverns
  A ynoxinul (Abyss:4)
  2 humans (shapeshifter) (Vaults:1)
  An alligator skeleton (Hell)
  39 tarantellas
  25 water elementals
  48 yaks
  6 fire elementals
  A black mamba skeleton (Coc:1)
  4 hungry ghosts
  A neqoxec (Abyss:4)
  The ghost of Deemzul the Covered, an amateur BaFi (D:4)
  3 basilisks
  Menkaure (D:6)
  10 vampire mosquitoes
  5 chaos spawn
  11 wargs
  An insubstantial wisp (Abyss:2)
  11 swamp worms (Spider:3)
  A deep troll zombie (Vaults:3)
  A swamp worm (shapeshifter) (Vaults:5)
  A yaktaur simulacrum (Vaults:1)
  A naga (shapeshifter) (Vaults:1)
  A merfolk zombie (Coc:7)
  3 soldier ants (Spider:4)
  4 acid dragons
  11 spiny frog zombies
  A floating eye (shapeshifter) (WizLab)
  17 water moccasins
  4 floating eyes (WizLab)
  A deep troll skeleton (Vaults:5)
  58 orc warriors
  8 porcupines
  An ice beast (shapeshifter) (Vaults:4)
  An ettin simulacrum (Depths:2)
  An eye of draining (D:13)
  A phantom (D:6)
  A sky beast (D:7)
  A hornet zombie (D:15)
  8 ice beasts
  A spiny frog skeleton (Coc:7)
  An ogre (shapeshifter) (WizLab)
  3 necrophages
  An alligator simulacrum (Coc:6)
  An eye of draining (shapeshifter) (WizLab)
  11 boggarts
  A snapping turtle zombie (Coc:3)
  A tengu (shapeshifter) (Vaults:1)
  4 wolves (Lair:2)
  25 centaurs
  56 ogres
  A manticore skeleton (Coc:5)
  14 crocodiles
  A big kobold (shapeshifter) (Elf:2)
  5 big kobolds
  A gnoll sergeant (D:9)
  A human skeleton (Vaults:5)
  Blork the orc (D:5)
  28 bullfrogs
  2 spiny frog simulacra
  A wyvern zombie (D:8)
  7 earth elementals
  22 killer bees
  12 scorpions
  27 wights
  An electric eel (Lair:2)
  2 howler monkeys
  A bullfrog zombie (D:9)
  5 centaur zombies
  16 small abominations
  17 crimson imps
  4 quasits
  10 hounds
  37 orc priests
  A gnoll shaman (D:5)
  3 centaur skeletons
  5 jellies
  2 bullfrog skeletons
  8 iguanas
  35 orc wizards
  21 worker ants
  7 big kobold zombies (Ossuary)
  A hound zombie (D:11)
  3 hound skeletons
  4 mummies
  A howler monkey zombie (D:7)
  A worker ant zombie (D:6)
  15 adders
  17 gnolls
  3 shadow imps
  15 white imps
  2 oozes
  8 worms
  A dart slug (D:1)
  5 leopard geckos
  144 orcs
  A spectral bat (Ossuary)
  12 giant cockroaches
  5 gnoll zombies (Ossuary)
  15 goblins
  8 hobgoblins
  6 jackals
  6 quokkas
  6 bats
  2 bat simulacra (Ossuary)
  7 frilled lizards
  A giant cockroach zombie (D:5)
  A goblin simulacrum (Ossuary)
  4 goblin zombies (Ossuary)
  3 hobgoblin zombies (Ossuary)
  23 kobolds
  3 kobold simulacra (Ossuary)
  A kobold skeleton (Coc:4)
  6 kobold zombies (Ossuary)
  2 leopard gecko skeletons
  6 orc zombies
  9 rats
  5 rat simulacra (Ossuary)
  4 spectral goblins (Ossuary)
  2 spectral kobolds (Ossuary)
  A spectral orc (D:3)
  3 spectral rats (Ossuary)
  2 crawling corpses (Elf:3)
  A fungus (Lair:2)
  A plant (Shoals:4)
  6 starspawn tentacles
  4 tentacles
2951 creatures vanquished.

Vanquished Creatures (collateral kills)
  A mutant beast (WizLab)
  A storm dragon (Vaults:5)
  A very ugly thing (WizLab)
  A death yak (Lair:6)
  A sun demon (Abyss:2)
  A wretched star (Abyss:4)
  A sea snake (Shoals:4)
  A deep elf archer (Elf:3)
  An orc knight (Orc:2)
  An orb spider (Spider:2)
  A deep elf mage (Elf:1)
  A manticore (Shoals:4)
  A water nymph (Shoals:4)
  A merfolk (Shoals:4)
  A tormentor (Coc:3)
  A jumping spider (Spider:2)
  3 large abominations
  A wyvern (shapeshifter) (WizLab)
  A spiny frog zombie (Coc:3)
  An orc priest (Orc:2)
  A plant (Shoals:4)
23 creatures vanquished.

Vanquished Creatures (others)
  A deep elf blademaster (Elf:3)
  2 eldritch tentacles
  A ghost moth (Spider:2)
  A stone giant (Depths:3)
  6 yaktaur captains
  A two-headed ogre (Vaults:4)
  An ogre mage (Vaults:1)
  A tengu warrior (Depths:4)
  4 centaur warriors
  A wizard (Vaults:1)
  4 deep elf archers
  An orc knight (Vaults:3)
  An ironbrand convoker (Vaults:3)
  5 fauns
  A necromancer (Vaults:3)
  An orb spider (Spider:3)
  A deep elf mage (Vaults:5)
  A fire giant skeleton (Vaults:5)
  22 yaktaurs
  A jumping spider (Spider:4)
  A hornet (Depths:3)
  A redback (Spider:4)
  An acid dragon (Vaults:2)
  An ice beast (shapeshifter) (WizLab)
  A small abomination (Abyss:2)
  4 ogres
  10 centaurs
  A scorpion (D:5)
  A crimson imp (Abyss:2)
  A bullfrog zombie (D:5)
  An orc (Orc:1)
  A ball python (D:5)
  A goblin (D:14)
  A quokka (D:5)
  67 bushes (Depths:2)
  20 fungi
  87 plants
  13 starspawn tentacles
  17 tentacles
287 creatures vanquished.

Grand Total: 3261 creatures vanquished

Notes
Turn   | Place    | Note
-------+----------+-------------------------------------------
     0 | D:1      | Deemzul the Barachi Fighter began the quest for the Orb.
     0 | D:1      | Reached XP level 1. HP: 18/18 MP: 1/1
    26 | D:1      | Reached XP level 2. HP: 21/25 MP: 2/2
   465 | D:2      | Reached XP level 3. HP: 21/30 MP: 3/3
   594 | D:2      | Found a snail-covered altar of Cheibriados.
   623 | D:2      | Became a worshipper of Cheibriados the Contemplative
   652 | D:2      | Reached skill level 4 in Armour
   750 | D:2      | Reached XP level 4. HP: 28/38 MP: 4/4
  1008 | D:2      | Found a sparkling altar of Nemelex Xobeh.
  1414 | D:2      | Reached * piety under Cheibriados
  1551 | D:3      | Reached skill level 1 in Invocations
  1868 | D:3      | Reached XP level 5. HP: 43/43 MP: 5/5
  2372 | D:3      | Found a basalt altar of Yredelemnul.
  2377 | D:3      | Reached ** piety under Cheibriados
  2669 | D:4      | Noticed an ogre
  2675 | D:4      | Killed an ogre
  2675 | D:4      | Reached XP level 6. HP: 50/50 MP: 7/7
  2728 | D:4      | Reached skill level 5 in Fighting
  2904 | D:4      | Reached skill level 5 in Armour
  2924 | D:4      | Found Ubittokh's Book Boutique.
  3006 | D:4      | Reached XP level 7. HP: 55/56 MP: 8/8
  3213 | D:4      | Noticed Deemzul's ghost (amateur BaFi)
  3224 | D:4      | Killed Deemzul's ghost
  3224 | D:4      | Reached skill level 5 in Axes
  3303 | D:4      | Got a transparent long sword
  3304 | D:4      | Identified the +6 long sword of Dominance {flame, rElec} (You found it on level 4 of the Dungeon)
  3572 | D:5      | Entered Level 5 of the Dungeon
  3606 | D:5      | Found a sand-covered staircase.
  3627 | D:5      | Reached skill level 5 in Shields
  3638 | D:5      | Reached skill level 1 in Long Blades
  3644 | D:5      | Reached *** piety under Cheibriados
  3656 | Ossuary  | Entered an ossuary
  3752 | Ossuary  | Reached XP level 8. HP: 61/63 MP: 10/10
  3818 | Ossuary  | Reached **** piety under Cheibriados
  4120 | D:5      | Noticed Pikel
  4135 | D:5      | Killed Pikel
  4135 | D:5      | Reached skill level 6 in Armour
  4361 | D:5      | Got a crude whip {freeze}
  4840 | D:5      | Noticed Blork the orc
  4845 | D:5      | Killed Blork the orc
  4845 | D:5      | Reached XP level 9. HP: 57/71 MP: 12/12
  5200 | D:6      | Reached ***** piety under Cheibriados
  5200 | D:6      | Reached skill level 7 in Armour
  5287 | D:6      | Found a staircase to the Ecumenical Temple.
  5504 | D:6      | Noticed Menkaure
  5511 | D:6      | Killed Menkaure
  5885 | D:6      | Reached skill level 5 in Long Blades
  5903 | D:6      | Found a deep blue altar of Sif Muna.
  5910 | D:6      | Reached skill level 5 in Invocations
  6209 | D:7      | Gained mutation: You have a pair of small antennae on your head. [mutagenic meat]
  6281 | D:7      | Noticed Prince Ribbit
  6294 | D:7      | Killed Prince Ribbit
  6294 | D:7      | Reached skill level 8 in Armour
  6294 | D:7      | Reached XP level 10. HP: 65/80 MP: 12/14
  6430 | D:7      | Found a blossoming altar of Fedhas.
  6786 | D:7      | Found a hide-covered altar of Uskayaw.
  6786 | D:7      | Found a sacrificial altar of Ru.
  7062 | D:8      | Noticed a cyclops
  7066 | D:8      | Killed a cyclops
  7066 | D:8      | Reached skill level 1 in Dodging
  7177 | D:8      | Reached ****** piety under Cheibriados
  7481 | D:8      | Reached skill level 9 in Armour
  7754 | D:8      | Found a staircase to the Lair.
  7959 | D:8      | Found a shattered altar of Ashenzari.
  7989 | D:8      | Reached XP level 11. HP: 89/89 MP: 15/15
  8046 | D:8      | Found a bloodstained altar of Trog.
  8565 | D:9      | Noticed Psyche
  8572 | D:9      | Killed Psyche
  8779 | D:9      | Found a staircase to the Orcish Mines.
  9275 | D:10     | Entered Level 10 of the Dungeon
  9623 | D:10     | Reached skill level 1 in Evocations
  9948 | D:10     | Noticed a two-headed ogre
  9953 | D:10     | Killed a two-headed ogre
  9953 | D:10     | Reached skill level 10 in Fighting
 10089 | D:11     | Found Jeiribak's Book Boutique.
 10209 | D:10     | Noticed a two-headed ogre
 10214 | D:10     | Killed a two-headed ogre
 10230 | D:10     | Reached skill level 10 in Armour
 10807 | D:11     | Reached skill level 5 in Dodging
 11013 | D:11     | Noticed a purple ugly thing
 11025 | D:11     | Killed a purple ugly thing
 11210 | D:11     | Noticed a deep elf mage
 11218 | D:11     | Killed a deep elf mage
 11305 | D:11     | Reached XP level 12. HP: 27/98 MP: 17/17
 11715 | D:11     | Found a radiant altar of Vehumet.
 11958 | D:11     | Noticed a two-headed ogre
 11962 | D:11     | Killed a two-headed ogre
 12078 | Orc:1    | Entered Level 1 of the Orcish Mines
 12269 | Orc:2    | Entered Level 2 of the Orcish Mines
 12291 | Orc:1    | Reached skill level 10 in Shields
 12605 | Orc:2    | Noticed an orc warlord
 12606 | Orc:2    | Noticed a soul eater
 12625 | Orc:2    | Found a staircase to the Elven Halls.
 12958 | Orc:2    | Noticed an orc high priest
 12963 | Orc:2    | Noticed a soul eater
 13080 | Orc:1    | Paralysed by an orc sorcerer for 5 turns
 13523 | Orc:1    | Killed an orc warlord
 13523 | Orc:1    | Reached skill level 11 in Armour
 13920 | Orc:1    | Killed an orc high priest
 14073 | Orc:2    | Noticed an orc high priest
 14425 | Orc:2    | Killed an orc high priest
 14425 | Orc:2    | Reached skill level 5 in Evocations
 14431 | Orc:2    | Gained mutation: You can hop longer distances. [Barachi growth]
 14431 | Orc:2    | Reached XP level 13. HP: 98/106 MP: 19/19
 16257 | Orc:2    | Found Lirchuxi's Food Boutique.
 16258 | Orc:2    | Found Lirghuoto's Antique Weapon Shop.
 16258 | Orc:2    | Found Ygrisom's Distillery.
 16258 | Orc:2    | Found Cyteitucad's Armour Boutique.
 16274 | Orc:2    | Bought a potion of invisibility for 104 gold pieces
 16274 | Orc:2    | Bought a potion of berserk rage for 65 gold pieces
 17668 | D:12     | Reached skill level 12 in Armour
 17677 | D:12     | Gained mutation: Your mind is acute. (Int +2) [mutagenic meat]
 17678 | D:12     | Gained mutation: Your flesh is heat resistant. (rF+) [mutagenic meat]
 17679 | D:12     | Gained mutation: You possess an exceptional clarity of mind. [mutagenic meat]
 17680 | D:12     | Gained mutation: You are clumsy. (Dex -2) [mutagenic meat]
 18099 | D:13     | Found a gate to the Vaults.
 18193 | D:13     | Reached XP level 14. HP: 115/115 MP: 20/20
 18223 | D:13     | Cast into level 2 of the Abyss (a wizard)
 18257 | Abyss:2  | Identified a scroll of acquirement
 18369 | Abyss:2  | Noticed a starcursed mass
 18406 | Abyss:2  | Noticed a bone dragon
 18415 | Abyss:2  | Identified the +5 whip of Incongruity {freeze, rPois Stlth+} (You took it off an orc on level 5 of the Dungeon)
 18540 | Abyss:2  | Noticed a balrug
 18622 | Abyss:2  | Noticed a bone dragon
 18671 | Abyss:2  | Noticed a deep elf elementalist
 18684 | Abyss:2  | Killed a deep elf elementalist
 18684 | Abyss:2  | Reached skill level 1 in Stealth
 18711 | Abyss:2  | Noticed a tentacled starspawn
 18716 | Abyss:2  | Noticed a bone dragon
 18724 | Abyss:2  | Killed a tentacled starspawn
 18724 | Abyss:2  | Reached skill level 10 in Long Blades
 18737 | Abyss:2  | Found a corrupted altar of Lugonu.
 18859 | Abyss:2  | Noticed a tentacled starspawn
 18867 | Abyss:2  | Killed a tentacled starspawn
 18889 | Abyss:2  | Noticed a quicksilver dragon
 19018 | Abyss:3  | Noticed an ophan
 19076 | Abyss:3  | Noticed a tentacled starspawn
 19077 | Abyss:3  | Noticed a tentacled starspawn
 19091 | Abyss:3  | Noticed a reaper
 19098 | Abyss:3  | Killed a tentacled starspawn
 19104 | Abyss:3  | Killed a tentacled starspawn
 19108 | D:13     | Escaped the Abyss
 19121 | D:13     | Killed a reaper
 19605 | D:13     | Noticed a vampire knight
 19825 | Lair:1   | Entered Level 1 of the Lair of Beasts
 20451 | Lair:1   | Reached XP level 15. HP: 123/123 MP: 22/22
 20547 | Lair:1   | Reached skill level 13 in Armour
 20570 | Lair:2   | Noticed Urug
 20573 | Lair:2   | Killed Urug
 20770 | Lair:2   | Noticed Nergalle
 20781 | Lair:2   | Killed Nergalle
 20834 | Lair:2   | Reached skill level 10 in Invocations
 20840 | Lair:2   | Found a staircase to the Shoals.
 21497 | Lair:3   | Found a hole to the Spider Nest.
 22968 | Lair:5   | Noticed Josephine
 22981 | Lair:5   | Killed Josephine
 23382 | Lair:6   | Entered Level 6 of the Lair of Beasts
 23421 | Lair:6   | Reached skill level 10 in Dodging
 23731 | Lair:6   | Reached skill level 5 in Stealth
 24064 | Lair:6   | Found a runed door.
 24064 | Lair:6   | Found a viscous altar of Jiyva.
 24064 | Lair:6   | Found a staircase to the Slime Pits.
 24064 | Lair:6   | Noticed an azure jelly
 24064 | Lair:6   | Noticed an azure jelly
 24064 | Lair:6   | Noticed an azure jelly
 24251 | Lair:6   | Reached XP level 16. HP: 59/132 MP: 23/23
 25035 | Lair:6   | Lost mutation: You are clumsy. (Dex -2) [potion of mutation]
 25035 | Lair:6   | Gained mutation: You are agile. (Dex +2) [potion of mutation]
 25035 | Lair:6   | Gained mutation: You have a beak for a mouth. [potion of mutation]
 25900 | Elf:1    | Entered Level 1 of the Elven Halls
 25905 | Elf:1    | Cast into level 2 of the Abyss (a deep elf demonologist)
 25905 | Abyss:2  | Found a corrupted altar of Lugonu.
 25955 | Abyss:2  | Noticed a bone dragon
 25961 | Abyss:2  | Reached skill level 14 in Armour
 25980 | Abyss:2  | Paralysed by accursed screaming for 1 turns
 26196 | Abyss:2  | Noticed a tentacled starspawn
 26284 | Elf:1    | Escaped the Abyss
 26291 | Elf:1    | Noticed an Executioner
 26300 | Orc:2    | HP: 1/133 [deep elf knight/orb of energy (32)]
 27248 | Elf:1    | Found Ziolijou's Assorted Antiques.
 27261 | Elf:1    | Found Vuiraub's Magic Scroll Emporium.
 27271 | Elf:1    | Bought a scroll of enchant weapon for 105 gold pieces
 27504 | Elf:1    | Reached skill level 10 in Evocations
 27715 | Elf:1    | Learned a level 2 spell: Passwall
 27868 | Elf:1    | Found Uxyxief's Armour Shop.
 28030 | Elf:1    | Found Yxeemm's Antique Armour Emporium.
 28039 | Elf:1    | Bought a pair of pitted gloves for 275 gold pieces
 28049 | Elf:1    | Identified the +1 pair of gloves of the Merchant {rC++ rN++ Dex-4} (You bought it in a shop on level 1 of the Elven Halls)
 29250 | Elf:1    | Reached XP level 17. HP: 117/140 MP: 25/25
 29523 | Elf:1    | Found Miaff's Assorted Antiques.
 29535 | Elf:1    | Bought a scroll labeled DEF FATIPHAWNI for 37 gold pieces
 29627 | Elf:2    | Found a magical portal.
 29632 | WizLab   | Entered Cigotuvi's Fleshworks
 29748 | WizLab   | Gained mutation: You are partially covered in yellow scales. (AC +2) [mutagenic meat]
 29749 | WizLab   | Gained mutation: Your flesh is cold resistant. (rC+) [mutagenic meat]
 29829 | WizLab   | Paralysed by a floating eye for 2 turns
 29836 | WizLab   | Paralysed by a floating eye for 4 turns
 29845 | WizLab   | Paralysed by a floating eye for 3 turns
 29854 | WizLab   | Paralysed by a floating eye for 3 turns
 29923 | WizLab   | Got a steaming bone amulet
 29930 | WizLab   | Identified the amulet "Diqido" {Faith Int+2 Dex+5} (You found it in a wizard's laboratory)
 29944 | WizLab   | Paralysed by a floating eye for 2 turns
 29950 | WizLab   | Paralysed by a floating eye for 4 turns
 29958 | WizLab   | Paralysed by a floating eye for 4 turns
 30298 | WizLab   | Identified Cigotuvi's Grimoire of Sinister Arts
 30498 | WizLab   | Noticed Cigotuvi's Monster
 30509 | WizLab   | Killed Cigotuvi's Monster
 30787 | WizLab   | Noticed a golden dragon
 30787 | WizLab   | an iron dragon changed into a golden dragon
 30880 | Elf:2    | Noticed an Ice Fiend
 31105 | Elf:2    | Found a runed gate.
 31105 | Elf:2    | Found a runed gate.
 31108 | Elf:2    | Found a runed gate.
 31390 | Elf:2    | Reached skill level 15 in Armour
 31437 | Elf:3    | Entered Level 3 of the Elven Halls
 32142 | Elf:3    | Cast into level 2 of the Abyss (a deep elf sorcerer)
 32341 | Abyss:2  | Noticed a lich
 32355 | Elf:3    | Escaped the Abyss
 32368 | Elf:3    | Paralysed by a lich for 7 turns
 32375 | Elf:3    | Killed a lich
 32375 | Elf:3    | Reached skill level 15 in Fighting
 32854 | Spider:1 | Entered Level 1 of the Spider Nest
 32858 | Spider:1 | Reached XP level 18. HP: 149/149 MP: 26/26
 34368 | D:14     | Found a flagged portal.
 34390 | Bailey   | Entered a bailey
 34440 | Bailey   | Noticed Toogi's ghost (novice HOFi)
 34462 | Bailey   | Killed Toogi's ghost
 34612 | Bailey   | Got a scorched large shield
 34624 | Bailey   | Identified the cursed +0 large shield of Proximity {MR+} (You found it in a bailey)
 35459 | D:15     | Entered Level 15 of the Dungeon
 36197 | D:15     | Noticed a quicksilver dragon
 36197 | D:15     | a stone giant changed into a quicksilver dragon
 36203 | D:15     | a quicksilver dragon changed into a fire giant
 36213 | D:15     | Found a staircase to the Depths.
 36228 | Depths:1 | Entered Level 1 of the Depths
 36987 | Depths:1 | Found a one-way gate leading to the halls of Pandemonium.
 37309 | Depths:1 | Reached XP level 19. HP: 147/157 MP: 28/28
 37404 | Depths:1 | Reached skill level 16 in Armour
 37424 | Depths:2 | Noticed Jorgrun
 37430 | Depths:2 | Killed Jorgrun
 39021 | Depths:2 | Found a gateway to Hell.
 39599 | Depths:2 | Reached skill level 10 in Stealth
 39608 | Depths:2 | Reached XP level 20. HP: 54/166 MP: 29/29
 39944 | Depths:2 | Found a gateway to a ziggurat.
 39987 | Depths:2 | Identified the Grimoire of Helpful Feathers
 40477 | Depths:2 | Reached skill level 15 in Shields
 40477 | Depths:2 | Reached skill level 1 in Earth Magic
 40525 | Depths:2 | Noticed a Tzitzimitl
 40533 | Depths:2 | Noticed a Tzitzimitl
 40584 | Depths:2 | Reached skill level 1 in Transmutations
 40913 | Depths:2 | Found a deep blue altar of Sif Muna.
 40938 | Depths:2 | Identified the Reference Book on the Escort
 41349 | Elf:3    | Reached skill level 1 in Spellcasting
 41604 | Elf:3    | Got a shimmering copper ring
 41870 | Elf:3    | Got a dazzling great sword
 41871 | Elf:3    | Identified the +9 great sword "Eduasmal" {slice, Dex+6} (You found it on level 3 of the Elven Halls)
 41898 | Elf:3    | Identified the Volume of Changing and Summoning
 42600 | Elf:2    | Cast into level 4 of the Abyss (glaive of distortion)
 42604 | Abyss:4  | Found a corrupted altar of Lugonu.
 42837 | Abyss:4  | Reached XP level 21. HP: 104/173 MP: 30/30
 43020 | Abyss:4  | Found a corrupted altar of Lugonu.
 43050 | Abyss:4  | Paralysed by accursed screaming for 1 turns
 43113 | Abyss:4  | Noticed a bone dragon
 43137 | Abyss:4  | Killed a bone dragon
 43137 | Abyss:4  | Reached skill level 17 in Armour
 43140 | Elf:2    | Escaped the Abyss
 43253 | Elf:1    | Reached skill level 15 in Long Blades
 43264 | Elf:1    | Gained mutation: Scrolls take you a little longer to read. [a neqoxec]
 44176 | Spider:2 | Identified the ring of Igus Seb {rPois rC+ Str+4 Slay+4 SInv} (You took it off a deep elf sorcerer on level 3 of the Elven Halls)
 44664 | Spider:3 | Noticed Arachne
 44673 | Spider:3 | Killed Arachne
 45320 | Spider:4 | Entered Level 4 of the Spider Nest
 45754 | Spider:4 | Got a gossamer rune of Zot
 45760 | Spider:4 | Got a sparkling ruby amulet
 45763 | Spider:4 | Identified the amulet "Huheampu" {Reflect +Inv Str-4 Dex+7 SH+3} (You acquired it on level 4 of the Spider Nest)
 45805 | Spider:4 | Reached XP level 22. HP: 165/182 MP: 32/32
 46723 | Vaults:1 | Entered Level 1 of the Vaults
 47599 | Vaults:1 | Found Himoic's Distillery.
 47604 | Vaults:1 | Bought a potion of experience for 850 gold pieces
 47604 | Vaults:1 | Reached XP level 23. HP: 190/190 MP: 33/33
 47662 | Vaults:2 | Noticed Donald
 47675 | Vaults:2 | Killed Donald
 47795 | Vaults:2 | Noticed Zaque's ghost (adept DrCj)
 47826 | Vaults:2 | Killed Zaque's ghost
 48287 | Vaults:2 | Reached skill level 18 in Armour
 48406 | Vaults:2 | Reached skill level 15 in Dodging
 48922 | Vaults:2 | Reached XP level 24. HP: 173/197 MP: 33/33
 49336 | Vaults:3 | Noticed Saint Roka
 49361 | Vaults:3 | Killed Saint Roka
 49833 | Vaults:3 | Found a staircase to the Crypt.
 49833 | Vaults:3 | Found an ancient bone altar of Kikubaaqudgha.
 49834 | Vaults:3 | Found a basalt altar of Yredelemnul.
 51737 | Vaults:4 | Reached skill level 15 in Evocations
 51984 | Vaults:4 | Found Nechidgho's Weapon Shop.
 52343 | Vaults:5 | Entered Level 5 of the Vaults
 52939 | Vaults:4 | Reached XP level 25. HP: 177/206 MP: 34/34
 54046 | Vaults:5 | Reached skill level 19 in Armour
 54551 | Vaults:4 | Got an ancient golden ring
 55434 | Vaults:4 | Reached XP level 26. HP: 184/215 MP: 34/34
 55448 | Vaults:4 | Identified the cursed ring of Discretion {rPois MR+ Str-3 Int+3 Stlth+} (You took it off a tengu reaver on level 4 of the Vaults)
 55491 | Vaults:5 | Reached skill level 15 in Invocations
 55717 | Vaults:5 | Got a silver rune of Zot
 55747 | Vaults:5 | Noticed an ancient lich
 55762 | Vaults:5 | Killed an ancient lich
 56263 | Vaults:5 | Identified the Disquisition on Quantum Heat
 56381 | Vaults:5 | Got a coiled brass ring
 56384 | Vaults:5 | Identified the ring of Jextuet {Str+3 Int-2 Dex+5} (You found it on level 5 of the Vaults)
 57059 | Shoals:1 | Entered Level 1 of the Shoals
 57103 | Shoals:1 | Found Hommem's Weapon Emporium.
 58678 | Shoals:3 | Found Syroikeo's Jewellery Shoppe.
 59107 | Shoals:4 | Entered Level 4 of the Shoals
 59220 | Shoals:4 | Found a shadowy altar of Dithmenos.
 59386 | Shoals:4 | Noticed Ilsuiw
 59406 | Shoals:4 | Killed Ilsuiw
 59406 | Shoals:4 | Reached skill level 20 in Armour
 59498 | Shoals:4 | Got a fine marble ring
 59501 | Shoals:4 | Identified the ring of Covixot {Wiz MR+} (You found it on level 4 of the Shoals)
 59600 | Shoals:4 | Noticed Roxanne
 59617 | Shoals:4 | Killed Roxanne
 59618 | Shoals:4 | Identified Roxanne's Guide on Changing (You took it off Roxanne on level 4 of the Shoals)
 59846 | Shoals:4 | Got a barnacled rune of Zot
 60390 | Depths:1 | Noticed Nikola
 60411 | Depths:1 | Killed Nikola
 60469 | Depths:1 | Reached XP level 27. HP: 224/224 MP: 35/35
 61593 | Depths:3 | Found a sparkling altar of Nemelex Xobeh.
 62358 | Depths:4 | Reached skill level 21 in Armour
 62375 | Depths:4 | Reached skill level 15 in Stealth
 62377 | Depths:4 | Noticed a juggernaut
 62393 | Depths:4 | Killed a juggernaut
 63066 | Depths:4 | Found a one-way gate to the infinite horrors of the Abyss.
 63104 | Depths:5 | Entered Level 5 of the Depths
 63479 | Depths:5 | Found a gate to the Realm of Zot.
 64332 | Hell     | Entered the Vestibule of Hell
 64332 | Hell     | Noticed Geryon
 64772 | Hell     | Killed Geryon
 64959 | Hell     | Found a gateway to the freezing wastes of Cocytus.
 64992 | Coc:1    | Entered Level 1 of Cocytus
 65066 | Coc:1    | Reached skill level 22 in Armour
 67468 | Coc:7    | Entered Level 7 of Cocytus
 67492 | Coc:7    | Reached skill level 23 in Armour
 67618 | Coc:7    | HP: 3/227 [reaper/scythe of slicing (27)]
 67859 | Coc:1    | Lost mutation: Your mind is acute. (Int +2) [the power of Zot]
 68264 | Coc:7    | Noticed Antaeus
 68346 | Coc:7    | Got a serpentine steel ring
 68381 | Coc:7    | Got a flickering brass ring
 68407 | Coc:7    | Mangled by Antaeus

Vault maps used:
D:1:      mrwooster_arrival_statue_2
D:2:      marbit_many_paths, lemuel_crystal_altar, minmay_split_cup_large
D:3:      yredelemnul_forgotten_temple_becter
D:4:      first_bread, serial_shops, nicolae_shop_stone, minivault_1
D:5:      enter_ossuary_1, kennysheep_generic_room_5, uniq_pikel,
          uniq_blork_the_orc
D:6:      kennysheep_orc_sif_temple, minmay_temple_entry_fiery, uniq_menkaure
D:7:      lemuel_doored_altar, gammafunk_temple_overflow_wave,
          uniq_prince_ribbit1
D:8:      lightli_temple_of_fire, overflow_temple_1_default, david_lair_generic
D:9:      orc_0_dummy, uniq_psyche
D:11:     basic_altar, serial_shops, shop, grunt_ogre_cave
D:13:     evilmike_horseshoe, serial_shops, shop
D:14:     lightli_bailey_entry_fortress, grunt_decor_arrowhead, grunt_decor_cap
D:15:     gammafunk_enter_depths_forms
Lair:2:   minmay_shoals_entry_hut, uniq_nergalle, uniq_urug
Lair:3:   nicolae_spider_entry_non_spiders
Lair:4:   minmay_lair_oklob_chamber, infiniplex_staircase_pool_2
Lair:5:   uniq_josephine
Lair:6:   gammafunk_lair_ancient_temple, slime_altar_2
Shoals:1: serial_shops, shop
Shoals:3: serial_shops, shop
Shoals:4: shoals_end_grunt_garden, shoal_ilsuiw, lemuel_centaur_altar,
          uniq_roxanne
Spider:1: nicolae_spider_mines_1
Spider:2: spider_trap
Spider:3: nicolae_spider_corner, worms_lemuel, uniq_arachne
Spider:4: grunt_spider_rune_parallel, nicolae_spider_ant_collections
Orc:2:    st_orc_pillars
Elf:1:    minmay_elf_arrival_plus, serial_shops, shop_fountains, shop,
          shop_coins, nicolae_shop_statue_plus, nicolae_shop_stone,
          evilmike_minifort, einodemon_barbed_minivault
Elf:2:    portal_ice_cave_entry_pillars_four, mu_enter_wizlab_2
Elf:3:    minmay_elf_hall_spiked
Vaults:1: vaults_mumra_minichess, hangedman_vaults_cutoff,
          dpeg_vaults_monster_row, dpeg_vaults_pockets_of_resistance,
          hangedman_vaults_trim, v_pattern_4, vaults_mumra_lcd,
          vaults_dpeg_cross, vaults_room_grid, vaults_standard_mumra_x,
          ontoclasm_vaults_loading_screen, vaults_room_pool, serial_shops, shop
Vaults:2: vaults_room_door_hall, nicolae_vaults_ring_of_whatevers,
          vaults_room_ringed_pool, hangedman_vaults_variations,
          nicolae_vaults_ring_of_whatevers, nicolae_vaults_inception_statues,
          nicolae_vaults_statue_guard, ontoclasm_vaults_twist, v_misc_10,
          vaults_mumra_chevron_long, v_alt_pattern_1, vaults_dpeg_hooks,
          ontoclasm_vaults_shuriken, vaults_room_door_ring,
          hangedman_vaults_cutoff, uniq_donald
Vaults:3: v_misc_14, vaults_mumra_hexcomb, minmay_crypt_entry_necro_gods,
          v_rooms_3, nicolae_vaults_network_s, nicolae_vaults_rhombus_6,
          vaults_dpeg_ring, uniq_saint_roka
Vaults:4: grunt_vaults_focal, vaults_room_semicircle, v_misc_25,
          nicolae_vaults_stairing_the_circle, nicolae_vaults_twisting_passages,
          vaults_mumra_chevron, nicolae_vaults_network_quinsquares, v_rooms_6,
          ontoclasm_vaults_loading_screen, nicolae_vaults_big_angled_halls,
          v_misc_18, v_misc_18, hangedman_vaults_impose,
          nicolae_vaults_ring_of_whatevers, vaults_room_pool, serial_shops,
          shop_statue
Vaults:5: serial_shops
Depths:1: hex_intersection, hellmouth_1, pan_entry, kennysheep_cluttered_room,
          minmay_misc_feat_pillars, minmay_misc_feat_more_columns, st_stairs_1,
          uniq_nikola
Depths:2: minmay_spriggan_fort, enter_ziggurat_a, lightli_too_deep,
          corexii_corridor_pit, pan_entry, hangedman_summoners_spam,
          infiniplex_staircase_pillars_3a, uniq_jorgrun
Depths:3: kb_forest_paths, pan_entry, serial_co_window_serial,
          co_window_corner_a, co_window_of_opportunity_a, co_window_corner_a,
          co_window_of_opportunity_a, co_window_of_opportunity_a,
          co_window_cross_2, co_window_unsneaky_path_a, co_window_broadway_b,
          co_window_paths_d, glass_columns_a, glass_columns_c, glass_columns_b,
          pf_hell_entry_tar_river, nemelex_xobeh_ov_fountains_minmay
Depths:4: cheibrodos_leafed_vault, abyss_entry, pan_entry, hell_entry
Depths:5: grunt_x_marks_the_spot, minivault_14, pf_coc_iceberg
Coc:7:    coc_grunt
Abyss:2:  evilmike_abyss_exit_7, evilmike_abyss_exit_smiterflies
Abyss:3:  evilmike_abyss_exit_5, evilmike_abyss_rune_siren_acolytes
Abyss:4:  evilmike_nicolae_abyss_rune_containment_curve
Ossuary:  ossuary_zaba_two_paths
Bailey:   bailey_polearm_1, bailey
WizLab:   wizlab_cigotuvi

Skill      XL: |  1  2  3  4  5  6  7  8  9 10 11 12 13 14 15 16 17 18 19 20 21 22 23 24 25 26 27 |
---------------+----------------------------------------------------------------------------------+-----
Fighting       | 4 5 6 8 9 10 11 12 13 14 15 16 17 18 19 21 | 21.5
Axes           | 3 4 5 |  5.2
Armour         | 4 5 6 8 9 10 11 12 13 14 15 16 17 18 19 20 23 | 23.4
Invocations    | 1 2 3 4 5 6 7 8 9 10 11 12 13 14 15 16 | 16.8
Shields        | 4 5 6 7 8 9 10 11 12 13 14 15 16 17 18 19 | 19.9
Long Blades    | 1 3 5 6 8 9 10 11 12 13 14 15 16 17 18 20 | 20.5
Dodging        | 3 5 7 8 9 10 11 12 13 14 15 16 18 | 18.6
Evocations     | 3 5 6 8 9 10 11 12 13 14 15 16 18 | 18.3
Stealth        | 3 5 7 8 9 10 11 12 13 14 16 | 16.1
Earth Magic    | 3 |  3.7
Transmutations | 3 4 |  4.0
Spellcasting   | 3 |  3.5

Action                   |  1- 3 |  4- 6 |  7- 9 | 10-12 | 13-15 | 16-18 | 19-21 | 22-24 | 25-27 || total
-------------------------+-------+-------+-------+-------+-------+-------+-------+-------+-------++-------
Melee: War axe           |   120 |   165 |    17 |       |       |       |       |       |       ||   302
       Long sword        |       |       |   254 |   666 |  1236 |  1860 |   617 |       |       ||  4633
       Peck              |       |       |       |       |       |   844 |   850 |   575 |  1517 ||  3786
       Demon blade       |       |       |       |       |       |       |  1245 |  1319 |  3030 ||  5594
Invok: Slouch            |       |       |       |       |       |     9 |     8 |     5 |    21 ||    43
       Bend Time         |       |       |       |       |       |     1 |     2 |     3 |    12 ||    18
       Step From Time    |       |       |       |       |       |     1 |     1 |       |     1 ||     3
 Abil: Hop               |     1 |     1 |     1 |     5 |     7 |     6 |     6 |     5 |     6 ||    38
Evoke: Phial of floods   |       |       |       |     2 |     4 |     5 |     4 |       |     3 ||    18
       Wand              |       |       |       |       |       |    10 |    21 |       |     8 ||    39
       Lamp of fire      |       |       |       |       |       |       |     5 |       |     3 ||     8
       Fan of gales      |       |       |       |       |       |       |     1 |       |       ||     1
       Box of beasts     |       |       |       |       |       |       |       |       |     2 ||     2
       Horn of Geryon    |       |       |       |       |       |       |       |       |     1 ||     1
       Sack of spiders   |       |       |       |       |       |       |       |       |     1 ||     1
  Use: Potion            |       |       |     4 |     7 |    10 |     5 |     3 |     1 |    12 ||    42
       Scroll            |       |       |       |     8 |    18 |    17 |     5 |     2 |    10 ||    60
 Stab: Distracted        |       |       |       |       |     3 |     3 |       |       |     7 ||    13
       Sleeping          |       |       |       |       |    16 |     2 |       |       |     3 ||    21
       Invisible         |       |       |       |       |     5 |       |       |       |       ||     5
       Confused          |       |       |       |       |       |    10 |     9 |       |       ||    19
  Eat: Chunk             |       |     6 |     7 |    16 |    21 |    44 |    21 |    10 |    47 ||   172
       Royal jelly       |       |       |       |       |     1 |       |       |       |     1 ||     2
       Meat ration       |       |       |       |       |     1 |       |       |       |       ||     1
       Fruit             |       |       |       |       |       |       |       |       |     2 ||     2
Armor: Scale mail        |    76 |    81 |    82 |   138 |       |       |       |       |       ||   377
       Skin              |       |       |       |     5 |       |       |       |       |       ||     5
       Plate armour      |       |       |       |    71 |   353 |   455 |       |       |       ||   879
       Troll leather arm |       |       |       |       |    69 |    36 |    14 |       |    95 ||   214
       Gold dragon scale |       |       |       |       |       |   153 |   639 |   264 |   675 ||  1731
Dodge: Dodged            |    36 |    54 |    61 |   339 |   813 |  1146 |   919 |   434 |  2338 ||  6140
Block: Shield            |    73 |    99 |   156 |   661 |  1148 |  1310 |       |       |       ||  3447
       Large shield      |       |       |       |       |       |   605 |  2232 |  1546 |  4939 ||  9322
       Reflection        |       |       |       |       |       |       |       |   135 |   322 ||   457
       Rpst.: Long sword |       |       |    22 |    95 |   208 |   237 |    35 |       |       ||   597
       Demon blade       |       |       |       |       |       |       |   135 |   101 |   359 ||   595
